 Dungeon Sprint DCSS version 0.19.1-1-g22dce08 (webtiles) character file.

1033 DaddyBuck the Skirmisher (level 7, -3/67 HPs)
             Began as a Demigod Fighter on Jan 1, 2017.
             Slain by a demonic crawler (6 damage)
             ... in the Dungeon (Sprint I: "Red Sonja").
             The game lasted 00:02:30 (636 turns).

DaddyBuck the Skirmisher (Demigod Fighter)           Turns: 636, Time: 00:02:31

Health: -3/67      AC:  8    Str: 23    XL:     7   Next: 73%
Magic:  9/9        EV: 13    Int: 12    God:
Gold:   270        SH: 11    Dex: 15    Spells: 0 memorised, 6 levels left

rFire  . . .     SeeInvis .     a - +0 long sword
rCold  . . .     Gourm    .     b - +0 scale mail
rNeg   . . .     Faith    .     c - +0 shield
rPois  .         Spirit   .     (no helmet)
rElec  .         Reflect  .     (no cloak)
rCorr  .         Harm     .     (no gloves)
MR     .....     NoTele   +     (no boots)
Stlth  ..........               (no amulet)
                                (no ring)
                                (no ring)

@: exhausted, slowed, very slow
A: high mp 1
a: no special abilities


You were in the Dungeon.
You were not hungry.

You visited 1 branch You collected 270 gold pieces.

Inventory:

Hand Weapons
 a - a +0 long sword (weapon)
Armour
 b - a +0 scale mail (worn)
 c - a +0 shield (worn)
Scrolls
 k - a scroll of blinking
Potions
 h - a potion of haste
 i - 2 potions of magic
Comestibles
 f - a bread ration


   Skills:
 + Level 7.8 Fighting
 + Level 7.6 Long Blades
 + Level 7.8 Armour
 + Level 6.9 Dodging
 + Level 7.8 Shields


You had 6 spell levels left.
You didn't know any spells.

Dungeon Overview and Level Annotations

Branches:
Dungeon (1/1)


Innate Abilities, Weirdness & Mutations

You have an increased reservoir of magic. (+10% MP)


Message History

The demonic crawler misses you. You block the demonic crawler's attack.
The demonic crawler hits you!
* * * LOW HITPOINT WARNING * * *
The demonic crawler hits you but does no damage.
You are too injured to fight recklessly!
Unknown command.
You are too injured to fight recklessly!
Unknown command.
You feel better.
You block the demonic crawler's attack. x2
The demonic crawler hits you but does no damage.
You block the demonic crawler's attack. The demonic crawler closely misses you.
The demonic crawler hits you!
* * * LOW HITPOINT WARNING * * *
The demonic crawler completely misses you.
The demonic crawler barely misses you.
The demonic crawler hits you but does no damage.
The demonic crawler barely misses you.
The demonic crawler hits you but does no damage.
The demonic crawler hits you.
You die...

#####################
.)..#..'..#__#..@ss.#
.#..)..#..'^.'..#s..#
###'#####+#__####s..'..#
#..# #### ####..+ ####
##


You could see 4 demonic crawlers.

Vanquished Creatures
  2 kobold demonologists (D)
  A slime creature (D)
  Sigmund (D)
  A floating eye (D)
  An ogre (D)
  Ijyb (D)
7 creatures vanquished.

Notes
Turn   | Place    | Note
-------+----------+-------------------------------------------
     0 | D        | DaddyBuck the Demigod Fighter began the quest for the Orb.
     0 | D        | Reached XP level 1. HP: 18/18 MP: 3/3
     2 | D        | Noticed Ijyb
    48 | D        | Killed Ijyb
    48 | D        | Reached skill level 1 in Dodging
    48 | D        | Reached XP level 2. HP: 11/26 MP: 4/4
   235 | D        | Noticed an ogre
   239 | D        | Killed an ogre
   239 | D        | Reached XP level 3. HP: 34/34 MP: 5/5
   239 | D        | Reached XP level 4. HP: 41/41 MP: 6/6
   244 | D        | Noticed Sigmund
   277 | D        | Killed Sigmund
   277 | D        | Reached skill level 5 in Fighting
   277 | D        | Reached skill level 5 in Long Blades
   277 | D        | Reached skill level 5 in Armour
   277 | D        | Reached skill level 5 in Shields
   277 | D        | Reached XP level 5. HP: 37/50 MP: 7/7
   298 | D        | Found a burning altar of Makhleb.
   298 | D        | Found a viscous altar of Jiyva.
   298 | D        | Found a shimmering altar of Xom.
   298 | D        | Found a corrupted altar of Lugonu.
   298 | D        | Noticed a slime creature
   310 | D        | Killed a slime creature
   310 | D        | Reached skill level 5 in Dodging
   310 | D        | Reached XP level 6. HP: 6/58 MP: 8/8
   608 | D        | Noticed a kobold demonologist
   609 | D        | Noticed a kobold demonologist
   616 | D        | Killed a kobold demonologist
   616 | D        | Reached XP level 7. HP: 66/66 MP: 9/9
   617 | D        | Noticed an orange demon
   617 | D        | Noticed an ice devil
   625 | D        | Noticed a sixfirhy
   629 | D        | Killed a kobold demonologist
   630 | D        | Noticed a demonic crawler
   630 | D        | Noticed a demonic crawler
   630 | D        | Noticed a demonic crawler
   631 | D        | Noticed a demonic crawler
   635 | D        | HP: 1/67 [demonic crawler (7)]
   636 | D        | Slain by a demonic crawler

Skill      XL: |  1  2  3  4  5  6 |
---------------+-------------------+-----
Fighting       | 3 4 5 6 7 |  7.8
Long Blades    | 3 4 5 6 7 |  7.6
Armour         | 3 4 5 6 7 |  7.8
Dodging        | 1 3 4 5 6 |  6.9
Shields        | 3 4 5 6 7 |  7.8

Action                   |  1- 3 |  4- 6 |  7- 9 || total
-------------------------+-------+-------+-------++-------
Melee: Long sword        |    48 |    29 |    17 ||    94
  Use: Potion            |     1 |     2 |     1 ||     4
Armor: Scale mail        |    26 |     7 |    14 ||    47
Dodge: Dodged            |    15 |     8 |    23 ||    46
Block: Shield            |    25 |     5 |    23 ||    53
       Rpst.: Long sword |     6 |     3 |     3 ||    12
